 Dungeon Crawl Stone Soup version 0.30-a0-728-gc68057be0a (webtiles) character file.

Game seed: 8347710247637414789

64 mandoloar the Trooper (level 4, -2/29 HPs)
             Began as a Gargoyle Fighter on Jan 31, 2023.
             Slain by Crazy Yiuf
             ... wielding a +2 quarterstaff of chaos
              (6 damage)
             ... on level 2 of the Dungeon.
             The game lasted 00:04:40 (1910 turns).

mandoloar the Trooper (Gargoyle Fighter)            Turns: 1910, Time: 00:04:40

Health: -2/29      AC: 10    Str: 22    XL:     4   Next: 12%
Magic:  4/4        EV: 14    Int:  8    God:
Gold:   165        SH:  4    Dex:  9    Spells: 3/3 levels left

rFire   . . .      SeeInvis .    a - +0 flail
rCold   . . .      Faith    .    c - +0 buckler
rNeg    + . .      Spirit   .    b - +0 scale mail
rPois   ∞          Reflect  .    (no helmet)
rElec   +          Harm     .    (no cloak)
rCorr   .          Rampage  .    (no gloves)
Will    .....                    (no boots) Stlth
                                 (no amulet)
HPRegen 0.24/turn                e - +5 ring of evasion
MPRegen 0.09/turn                (no ring)

@: no status effects
A: sickness immunity, AC +3, negative energy resistance 1, electricity
resistance, torment resistance 1, petrification resistance
a: no special abilities


You were on level 2 of the Dungeon.
You visited 1 branch of the dungeon, and saw 4 of its levels.

You collected 165 gold pieces.

Inventory:

Hand Weapons
 a - a +0 flail (weapon)
 m - a +0 short sword
Missiles
 l - 14 stones (quivered)
Armour
 b - a +0 scale mail (worn)
 c - a +0 buckler (worn)
Jewellery
 e - a +5 ring of evasion (left hand)
Scrolls
 f - 2 scrolls of teleportation
 i - 2 scrolls of blinking {unknown}
 n - a scroll of magic mapping {unknown}
 p - a scroll of identify {unknown}
Potions
 d - a potion of might
 g - a potion of invisibility {unknown}
 h - a potion of degeneration {unknown}
 j - 4 potions of curing {unknown}
 k - a potion of heal wounds {unknown}
 o - a potion of ambrosia {unknown}


   Skills:
 + Level 4.3 Fighting
 + Level 3.1 Maces & Flails
 - Level 3.4 Armour
 - Level 3.4 Shields


You had 3 spell levels left.
You didn't know any spells.
Your spell library contained the following spells:

 Spells                   Type           Power      Damage    Failure   Level
 Kindle Blastsparks       Fire/Tloc/Air  0%         2d10      99%         3
 Fulminant Prism          Conj/Hex       0%         3d5       100%        4
 Iskenderun's Mystic Bla  Conj/Tloc      0%         2d3       100%        4
 Lee's Rapid Deconstruct  Erth           0%         3d4*      100%        5


Dungeon Overview and Level Annotations

Branches:
Dungeon (4/15)
 Temple: D:4-7

Altars:

Annotations:
D:2 Crazy Yiuf


Innate Abilities, Weirdness & Mutations

You are immune to sickness and miasma.
Your stone body is resilient. (AC +3)
You are immune to poison.
You resist negative energy. (rN+)
You are resistant to electric shocks. (rElec)
You are resistant to unholy torment.
You are immune to petrification.


Message History

You kill the worm!
You see here a worm corpse.
You start resting.
HP restored.
A rat comes into view.
You block the rat's attack.
You barely miss the rat. The rat barely misses you.
You sock the rat!
You kill the rat!
You see here a rat corpse.
There is an escape hatch in the floor here.
Crazy Yiuf shouts!
You open the door.
Crazy Yiuf drinks a potion.
Crazy Yiuf seems to speed up.
Crazy Yiuf barely misses you.
There is an open translucent door here.
You sock Crazy Yiuf!
Crazy Yiuf is severely wounded.
Crazy Yiuf hits you but does no damage.
Crazy Yiuf hits you with a +2 quarterstaff of chaos.
You hit Crazy Yiuf.
Crazy Yiuf is severely wounded.
You block Crazy Yiuf's attack.
Crazy Yiuf hits you with a +2 quarterstaff of chaos.
Crazy Yiuf burns you.
You barely miss Crazy Yiuf.
Crazy Yiuf is severely wounded.
Crazy Yiuf barely misses you.
Crazy Yiuf hits you with a +2 quarterstaff of chaos!
Ouch! That really hurt!
Crazy Yiuf freezes you.
* * * LOW HITPOINT WARNING * * *
You closely miss Crazy Yiuf.
Crazy Yiuf is severely wounded.
Crazy Yiuf misses you. You block Crazy Yiuf's attack.
You barely miss Crazy Yiuf.
Crazy Yiuf is severely wounded.
Crazy Yiuf hits you but does no damage.
Crazy Yiuf grits, "Mama forty-two hand!"
Crazy Yiuf hits you with a +2 quarterstaff of chaos.
You die...

##.#.#.#.####.##.#.###........###
.###.#.#.####.##.#.###........# #
.....#.#.#.....#.#.#..........# #
.#####.#..################....###
.......#### #....... ########
♣♣♣♣♣##.###### # ####
♣♣♣.♣..#...# # #
#...#♣..♣.PP....# #
#..g@.♣♣♣♣P♣....# # #)..#♣♣
♣♣P#..## # #### ♣♣#### # ## # .#
# .# ########### # .#
#.........## ### .# #..........#
#.. .## #.........## ####.#


You could see Crazy Yiuf (fast).

Vanquished Creatures
  An adder (D:2)
  2 worms (D:2)
  2 dart slugs (D:1)
  2 ball pythons (D:1)
  2 endoplasms (D:2)
  2 giant cockroaches
  4 goblins (D:2)
  4 hobgoblins
  3 quokkas
  5 bats
  3 frilled lizards
  7 kobolds
  6 rats
43 creatures vanquished.

Vanquished Creatures (others)
  A fungus (D:2)
  5 plants (D:1)
6 creatures vanquished.

Grand Total: 49 creatures vanquished

Notes
Turn   | Place    | Note
-------+----------+-------------------------------------------
     0 | D:1      | mandoloar the Gargoyle Fighter began the quest for the Orb.
     0 | D:1      | Reached XP level 1. HP: 14/14 MP: 1/1
   294 | D:1      | Reached XP level 2. HP: 19/19 MP: 2/2
   985 | D:2      | Reached XP level 3. HP: 24/24 MP: 3/3
  1395 | D:2      | Found a runed translucent door.
  1396 | D:2      | Noticed Crazy Yiuf
  1433 | D:2      | Reached skill level 4 in Fighting
  1540 | D:3      | Found a faded altar of an unknown god.
  1634 | D:2      | Reached XP level 4. HP: 29/29 MP: 4/4
  1910 | D:2      | Slain by Crazy Yiuf

Illustrated notes

Levels and vault maps discovered:
D:1:      dpeg_arrival_stonehenge_8_columns, layout_basic, moated_statue,
          hangedman_abyss_or_decor_stabs, wad_woods_river_04,
          ebering_dispersal_statue_hall, kennysheep_decorative_pillar,
          amcnicky_mini_corridor_feature, minmay_octomino_j4
D:2:      layout_basic, minmay_goblin_kobold_house, uniq_crazy_yiuf_cottage
D:3:      layout_basic, mainiacjoe_overflow_24_doors,
          nicolae_ecumenical_oubliette, eino_tiny_chamber
D:4:      layout_cave_pods, overflow_temple_1_default, minmay_misc_feat_doors

Skill      XL: |  1  2  3 |
---------------+----------+-----
Fighting       | 4 |  4.3
Maces & Flails | 3 |  3.1
Armour         | |  3.4
Shields        | |  3.4

Action                     |  1- 3 |  4- 6 || total
---------------------------+-------+-------++-------
  Melee: Flail             |   131 |    15 ||   146
    Use: Scroll            |     5 |       ||     5
 Armour: Scale mail        |    48 |     4 ||    52
  Dodge: Dodged            |   101 |     9 ||   110
  Block: Buckler           |    25 |     4 ||    29

Table legend: (Time is in decaauts)
 A = Elapsed time spent in this place.
 B = Non-inter-level travel time spent in this place.
 C = Inter-level travel time spent in this place.
 D = Time resting spent in this place.
 E = Time spent auto-exploring this place.
 F = Levels seen in this place.
 G = Mean time per level.
                   A        B        C        D        E       F      G
               +--------+--------+--------+--------+--------+-----+--------+
         Total |   1968 |   1906 |     62 |    351 |   1101 |   4 |  492.0 |
       Dungeon |   1968 |   1906 |     62 |    351 |   1101 |   4 |  492.0 |
               +--------+--------+--------+--------+--------+-----+--------+

Top non-repeatable levels by time:
     D:1: 1027 daAuts
     D:2: 911 daAuts
     D:3: 27 daAuts
     D:4: 1 daAuts
